 Dungeon Crawl Stone Soup version 0.31-a0-844-gdc52ec4e09 (webtiles) character file.

Game seed: 14459705487564095400

49 LeprechaunX the Changeling (level 3, -3/24 HPs)
             Began as an Octopode Shapeshifter on Sept 29, 2023.
             Slain by a gnoll
             ... wielding a +0 halberd
              (14 damage)
             ... on level 2 of the Dungeon.
             The game lasted 00:00:51 (613 turns).

LeprechaunX the Changeling (Octopode Shapeshifter)   Turns: 613, Time: 00:00:53

Health: -3/24      AC:  1    Str: 15    XL:     3   Next: 77%
Magic:  3/3        EV: 13    Int: 12    God:
Gold:   41         SH:  0    Dex: 11    Spells: 2/2 levels left

rFire   . .          .
                       - Unarmed
rCold   . . .        (no shield)
rNeg    . . .        (helmet currently unavailable)
rPois   .            (no amulet)
rElec   .            (no ring)
rCorr   .            (no ring)
SInv    .            (no ring)
Will    .....        (no ring)
Stlth   ++           (no ring)
HPRegen 0.24/turn    (no ring)
MPRegen 0.08/turn    (no ring)
                     (no ring)

%: no passive effects
@: beast-form
A: beast (slay +2), almost no armour, amphibious, 8 rings, camouflage 1,
gelatinous body 1, (nimble swimmer 1), tentacles
a: Begin Untransformation


You were on level 2 of the Dungeon.
You were a hulking beast.
You visited 1 branch of the dungeon, and saw 2 of its levels.

You collected 41 gold pieces.

Inventory:

Talismans
 b - a beast talisman (active)
 c - a flux talisman
Scrolls
 d - a scroll of vulnerability {unknown}
 g - a scroll of enchant weapon {unknown}
 i - a scroll of identify {unknown}
 j - a scroll of fear {unknown}
Potions
 a - 2 potions of lignification
 e - a potion of brilliance {unknown}
 f - a potion of curing {unknown}
 h - a potion of mutation {unknown}


   Skills:
 + Level 1.7 Fighting
 + Level 2.4 Dodging
 + Level 3.3 Unarmed Combat
 * Level 3.6 Shapeshifting


You had 2 spell levels left.
You didn't know any spells.
Your spell library contained the following spells:

 Spells                   Type           Power      Damage    Failure   Level
 Ignite Poison            Fire/Tmut/Pois 0%         N/A       69%         3
 Sticky Flame             Conj/Fire      0%         2d3       97%         4
 Ignition                 Fire           0%         3d3       100%        8


Dungeon Overview and Level Annotations

Branches:
Dungeon (2/15)

Altars:


Innate Abilities, Weirdness & Mutations

You are a hulking beast.
Your limbs bulge with bestial killing power. (Slay +2)
You cannot wear most types of armour.
You are amphibious.
You can wear up to eight rings at the same time.
Your skin changes colour to match your surroundings (Stealth+).
Your rubbery body absorbs attacks. (AC +1, EV +1)
((You are camouflaged when in or above water. (Stealth+)))
You have tentacles for arms and can constrict up to eight enemies at once.


Message History

You bludgeon the gnoll! You grab the gnoll.
The gnoll is heavily wounded.
You constrict the gnoll. The gnoll closely misses you.
You tentacle-slap the gnoll.
The gnoll is almost dead.
You constrict the gnoll. The gnoll hits you with a +0 club.
You tentacle-slap the gnoll.
You kill the gnoll!
You see here a +0 club.
You start resting.
HP restored.
There is a large open door here.
A gnoll is nearby!
A gnoll is nearby!
You enter the deep water.
There is a large open door here.
The gnoll shouts!
You bludgeon the gnoll! Your grab misses the gnoll.
You tentacle-slap the gnoll.
You kill the gnoll!
The gnoll throws a throwing net.
The throwing net completely misses you.
There is a large open door, spattered with blood here.
You see here a +0 whip.
You enter the deep water.
You start waiting.
A gnoll is nearby!
The gnoll hits you with a +0 halberd!
Ouch! That really hurt!
There is a large open door, spattered with blood here.
You see here a +0 whip.
You barely miss the gnoll. You grab the gnoll. You constrict the gnoll.
The gnoll closely misses you.
You bludgeon the gnoll!
The gnoll is severely wounded.
You constrict the gnoll. The gnoll barely misses you.
You tentacle-slap the gnoll.
The gnoll is almost dead.
You constrict the gnoll. The gnoll hits you with a +0 halberd!
Ouch! That really hurt!
You die...

#≈≈. #≈≈... #≈≈....
##≈≈..... #≈≈......
#≈...... ###≈.....#
#('..# #gh..#####
#.#≈.....#♣
#.#≈......# .....
#.#≈≈...... ......
#.##≈≈..... .....≈
#.)##≈≈.... ....≈≈
##..##≈≈...##...≈≈#
##.###≈≈......≈≈#
#...##≈≈≈..≈≈≈#


You could see a gnoll.

Vanquished Creatures
  2 gnolls (D:2)
  An adder (D:2)
  3 dart slugs (D:1)
  3 ball pythons
  An endoplasm (D:2)
  4 goblins
  A hobgoblin (D:1)
  A bat (D:1)
  A kobold (D:1)
17 creatures vanquished.

Notes
Turn   | Place    | Note
-------+----------+-------------------------------------------
     0 | D:1      | LeprechaunX the Octopode Shapeshifter began the quest for
                  | the Orb.
     0 | D:1      | Reached XP level 1. HP: 13/13 MP: 1/1
   106 | D:1      | Reached XP level 2. HP: 14/18 MP: 2/2
   538 | D:2      | Reached XP level 3. HP: 23/23 MP: 3/3
   613 | D:2      | Slain by a gnoll

Illustrated notes

Levels and vault maps discovered:
D:1:      dpeg_arrival_castle, layout_rooms
D:2:      layout_loops_ring, basic_altar, kennysheep_cross_room,
          serial_bayou_pond_c

Action                     || total
---------------------------++-------
  Melee: Unarmed           ||    28
         Constrict         ||     9
         Tentacles         ||     6
         Punch             ||     1
   Stab: Sleeping          ||     1
 Armour: Skin              ||     8
  Dodge: Dodged            ||    13

Table legend: (Time is in decaauts)
 A = Elapsed time spent in this place.
 B = Non-inter-level travel time spent in this place.
 C = Inter-level travel time spent in this place.
 D = Time resting spent in this place.
 E = Time spent auto-exploring this place.
 F = Levels seen in this place.
 G = Mean time per level.
                   A        B        C        D        E       F      G
               +--------+--------+--------+--------+--------+-----+--------+
         Total |    611 |    608 |      3 |     17 |    451 |   2 |  305.5 |
       Dungeon |    611 |    608 |      3 |     17 |    451 |   2 |  305.5 |
               +--------+--------+--------+--------+--------+-----+--------+

Top non-repeatable levels by time:
     D:1: 422 daAuts
     D:2: 188 daAuts
